2558 views
Uploaded 2024-03-28 23:20:02
Game version 1.36 (6115)
17:09 long 1on1 ladder game on (2)ConcealedHill_S2
Saved by ET88
2558 views
Uploaded 2024-03-28 23:20:02
Game version 1.36 (6115)
17:09 long 1on1 ladder game on (2)ConcealedHill_S2

36 units @ 5.8k
/ 0.9k
14 buildings @ 2.4k
/ 1k


| Healing Salve | 4 | 400 |
| total: | 4 | 400g |
| Peon | 9 | 675 | / | 0 |
| Grunt | 5 | 1000 | / | 0 |
| Raider | 5 | 900 | / | 200 |
| Spirit Walker | 4 | 780 | / | 140 |
| Troll Headhunter | 1 | 140 | / | 20 |
| Shaman | 7 | 910 | / | 140 |
| Tauren | 4 | 1120 | / | 320 |
| Kodo Beast | 1 | 255 | / | 60 |
| total: | 36 | 5780g | / | 880w |
| Watch Tower | 1 | 110 | / | 80 |
| Altar of Storms | 1 | 180 | / | 50 |
| Orc Burrow | 5 | 800 | / | 200 |
| Barracks | 1 | 180 | / | 50 |
| Voodoo Lounge | 1 | 130 | / | 30 |
| War Mill | 1 | 205 | / | 0 |
| Great Hall | 1 | 385 | / | 185 |
| Beastiary | 1 | 145 | / | 140 |
| Tauren Totem | 1 | 135 | / | 155 |
| Spirit Lodge | 1 | 150 | / | 150 |
| Stronghold | 1 | 315 | / | 190 |
| Fortress | 1 | 325 | / | 190 |
| total: | 14 | 2420g | / | 1040w |
| 0:02 | Peon |
| 0:02 | Peon |
| 0:04 | Altar of Storms |
| 0:08 | Orc Burrow |
| 0:27 | Barracks |
| 0:39 | Peon |
| 0:47 | Peon |
| 1:11 | Peon |
| 1:24 | Orc Burrow |
| 1:34 | Grunt |
| 1:48 | Voodoo Lounge |
| 1:55 | Peon |
| 2:04 | Feral Spirit |
| 2:15 | Grunt |
| 2:26 | Peon |
| 2:42 | Grunt |
| 3:13 | Stronghold |
| 3:37 | Chain Lighting |
| 3:49 | Grunt |
| 3:51 | Orc Burrow |
| 4:07 | War Mill |
| 4:41 | Healing Salve |
| 5:40 | Beastiary |
| 5:43 | Tauren Totem |
| 5:59 | Watch Tower |
| 6:11 | Peon |
| 6:11 | Peon |
| 6:31 | Orc Burrow |
| 6:37 | Shockwave |
| 6:42 | Ensnare |
| 6:43 | Raider |
| 7:12 | Spirit Walker Adept Training |
| 7:38 | Raider |
| 7:40 | Grunt |
| 7:43 | Spirit Walker |
| 7:52 | Healing Salve |
| 8:18 | Troll Headhunter |
| 8:24 | Orc Burrow |
| 8:39 | Endurance Aura |
| 8:40 | Feral Spirit |
| 8:54 | Fortress |
| 9:04 | Spirit Lodge |
| 10:13 | Raider |
| 10:14 | Spirit Walker |
| 10:20 | Shaman |
| 10:21 | Shaman Adept Training |
| 10:25 | Shaman Master Training |
| 10:25 | Shaman |
| 10:28 | Healing Salve |
| 10:38 | Spirit Walker |
| 11:04 | Raider |
| 11:29 | Shaman |
| 11:31 | Tauren |
| 12:03 | Healing Salve |
| 12:08 | Tauren |
| 12:25 | Raider |
| 12:49 | Shaman |
| 12:54 | Tauren |
| 13:11 | Shockwave |
| 13:25 | Spirit Walker |
| 13:45 | Chain Lighting |
| 13:56 | Kodo Beast |
| 14:04 | Shaman |
| 14:45 | Shaman |
| 14:59 | Pulverize |
| 15:01 | Shaman |
| 15:14 | War Drums Damage Increase |
| 16:36 | Great Hall |
| 16:42 | Tauren |
| 16:45 | Endurance Aura |
| Right click | 523 |
| Select | 490 |
| Select group | 440 |
| Misc. action | 126 |
| Build/train/purchase | 89 |
| Assign group | 43 |
| Use ability | 43 |
| Esc | 4 |
39 units @ 5.3k
/ 0.5k
23 buildings @ 2.5k
/ 1.1k


| Scroll of Regeneration | 4 | 400 |
| Lesser Clarity Potion | 1 | 70 |
| Potion of Mana | 1 | 200 |
| Potion of Healing | 2 | 300 |
| Scroll of Healing | 2 | 500 |
| Potion of Lesser Invulnerability | 1 | 150 |
| total: | 11 | 1620g |
| Peasant | 15 | 1125 | / | 0 |
| Footman | 5 | 675 | / | 0 |
| Rifleman | 6 | 1230 | / | 180 |
| Sorceress | 5 | 775 | / | 100 |
| Priest | 3 | 405 | / | 30 |
| Spell Breaker | 5 | 1075 | / | 150 |
| total: | 39 | 5285g | / | 460w |
| Scout Tower | 3 | 90 | / | 60 |
| Arcane Tower | 2 | 140 | / | 100 |
| Altar of Kings | 1 | 180 | / | 50 |
| Barracks | 1 | 160 | / | 60 |
| Farm | 11 | 880 | / | 220 |
| Arcane Vault | 1 | 130 | / | 30 |
| Blacksmith | 1 | 140 | / | 60 |
| Town Hall | 1 | 385 | / | 205 |
| Lumber Mill | 1 | 120 | / | 0 |
| Arcane Sanctum | 2 | 300 | / | 280 |
| Gryphon Aviary | 1 | 140 | / | 150 |
| Keep | 1 | 320 | / | 210 |
| Castle | 1 | 360 | / | 210 |
| total: | 23 | 2525g | / | 1115w |
| 0:02 | Peasant |
| 0:02 | Peasant |
| 0:05 | Altar of Kings |
| 0:19 | Barracks |
| 0:24 | Peasant |
| 0:34 | Farm |
| 0:38 | Peasant |
| 0:49 | Farm |
| 0:53 | Peasant |
| 1:04 | Peasant |
| 1:20 | Footman |
| 1:28 | Scout Tower |
| 1:32 | Footman |
| 1:42 | Farm |
| 1:50 | Peasant |
| 2:01 | Footman |
| 2:08 | Arcane Tower |
| 2:12 | Summon Water Elemental |
| 2:48 | Footman |
| 3:02 | Keep |
| 3:09 | Arcane Vault |
| 3:12 | Brilliance Aura |
| 3:28 | Farm |
| 3:29 | Blacksmith |
| 3:49 | Farm |
| 4:13 | Farm |
| 4:40 | Summon Water Elemental |
| 4:41 | Footman |
| 5:07 | Rifleman |
| 5:36 | Arcane Sanctum |
| 6:09 | Rifleman |
| 6:12 | Scroll of Regeneration |
| 6:12 | Scroll of Regeneration |
| 6:40 | Sorceress |
| 6:42 | Priest |
| 6:43 | Priest Adept Training |
| 6:45 | Peasant |
| 6:50 | Storm Bolt |
| 7:04 | Long Rifles |
| 7:17 | Rifleman |
| 7:20 | Farm |
| 7:30 | Priest |
| 7:48 | Potion of Lesser Invulnerability |
| 8:14 | Peasant |
| 8:14 | Peasant |
| 8:30 | Bash |
| 8:35 | Town Hall |
| 8:43 | Scout Tower |
| 8:52 | Peasant |
| 8:52 | Peasant |
| 9:05 | Lumber Mill |
| 9:13 | Arcane Tower |
| 9:41 | Rifleman |
| 9:51 | Brilliance Aura |
| 10:13 | Rifleman |
| 10:25 | Improved Lumber Harvesting |
| 10:26 | Improved Masonry |
| 10:33 | Peasant |
| 10:37 | Peasant |
| 10:58 | Lesser Clarity Potion |
| 10:58 | Potion of Mana |
| 10:59 | Scroll of Regeneration |
| 11:06 | Arcane Sanctum |
| 11:19 | Black Gunpowder |
| 11:22 | Peasant |
| 11:24 | Scout Tower |
| 11:30 | Spell Breaker |
| 11:34 | Storm Bolt |
| 11:53 | Sorceress |
| 11:58 | Spell Breaker |
| 12:21 | Priest |
| 12:23 | Rifleman |
| 12:41 | Farm |
| 12:42 | Farm |
| 12:42 | Farm |
| 12:50 | Sorceress |
| 13:12 | Spell Breaker |
| 13:16 | Refined Gunpowder |
| 13:35 | Sorceress |
| 14:01 | Scroll of Healing |
| 14:12 | Scroll of Healing |
| 14:39 | Castle |
| 14:46 | Summon Water Elemental |
| 14:49 | Bash |
| 15:10 | Gryphon Aviary |
| 15:22 | Farm |
| 15:44 | Spell Breaker |
| 16:10 | Spell Breaker |
| 16:32 | Scroll of Regeneration |
| 16:35 | Potion of Healing |
| 16:35 | Potion of Healing |
| 16:57 | Sorceress |
| Select group | 1373 |
| Right click | 958 |
| Select | 313 |
| Assign group | 252 |
| Build/train/purchase | 101 |
| Use ability | 38 |
| Misc. action | 28 |
| Remove unit | 1 |